Match 28863527
Unlisted

Match 28863527
End
Panzergrenadier Squad
Panzergrenadier Squad
Panzerpioneer Squad
Construct Light Support Kompanie
Panzerjäger Squad
Selects Italian Infantry
Selects Guastatori Squad
Guastatori Squad
Fire Support Elements
Guastatori Squad
Construct Panzerarmee Kommand
Selects Registered Artillery
Emergency Repair Kits
Vehicle Survival Package
Panzer III L Medium Tank
Rapid Advance
Armored Reserves
Tungsten Core Ammunition
Selects Sound the Alarm
Selects Sound the Alarm
Selects Prepared Positions
Selects Sound the Alarm
Selects Territory Booby Traps
Selects Obice 305mm Barrage
Selects Registered Artillery
Panzer IV Assault Group
Advanced Optics
Panzer III L Medium Tank
Selects Towed Cannone da 105/28 Field Howitzer
Registered Artillery
Obice 305mm Barrage
banstyle
Scarface
秃鹫k
NO.2
旧时光
HulkSMASH
Flick Montana
Lancet
0
0

Comments sign in to comment!

No comments posted yet!